Map: [ESL] Data-C

Players

GuMiho

  • Race: Terran Terran
  • Spawn Location: 9:00

HeroMarine - Winner!

  • Race: Terran Terran
  • Spawn Location: 3:00

Event: DreamHack SC2 Masters 2022 Atlanta (Offline)

VOD

Have the link to the VOD?

Description

Time

  • Played on: Nov. 19, 2022, 9:31 a.m.
  • Length: 4:12

All games in this series

Show
View Real Time Build Order
Export as new Build Order

GuMiho Terran 

Build Orders:  

Get SALT Encoding   

  12  0:00  SCV  
  13  0:12  SCV  
  14  0:17  Supply Depot  
  14  0:24  SCV  
  15  0:38  Refinery  
  15  0:40  Barracks  
  15  0:53  Barracks  
  15  0:57  SCV  
  16  1:09  SCV  
  17  1:21  SCV  
  18  1:28  Reaper  
  18  1:30  Supply Depot  
  19  1:34  Orbital Command  
  19  1:40  Reaper  
  20  1:59  SCV  
  20  2:00  Reaper  
  22  2:11  SCV  
  23  2:16  Reaper  
  23  2:21  Command Center  
  24  2:23  SCV  
  26  2:37  SCV  
  25  2:48  Marine  
  25  2:49  SCV, Refinery  
  25  2:51  Marine  
  27  2:54  Factory  
  27  3:01  SCV  
  27  3:03  Bunker  
  27  3:05  Supply Depot  
  28  3:13  SCV  
  28  3:15  Barracks Reactor  
  29  3:25  SCV  
  28  3:37  SCV  
  28  3:38  Hellion, Orbital Command  
  28  3:40  Starport  
  29  3:49  SCV  
  29  3:50  Marine  
Show
View Real Time Build Order
Export as new Build Order

HeroMarine Terran - Winner!

Build Orders:  

Get SALT Encoding   

  12  0:00  SCV  
  13  0:12  SCV  
  14  0:17  Supply Depot  
  14  0:24  SCV  
  15  0:38  SCV  
  15  0:39  Barracks  
  16  0:44  Refinery  
  16  0:50  SCV  
  16  0:53  Refinery  
  17  1:02  SCV  
  18  1:15  SCV  
  19  1:26  Reaper  
  19  1:27  Orbital Command  
  19  1:32  Supply Depot  
  20  1:41  Factory  
  20  1:52  SCV  
  21  1:58  Reaper  
  22  2:04  SCV  
  23  2:18  Command Center  
  23  2:19  SCV  
  24  2:25  Hellion  
  26  2:30  Reaper  
  26  2:35  SCV  
  25  2:46  Hellion  
  25  2:47  SCV  
  28  2:52  Supply Depot  
  28  2:59  SCV  
  30  3:06  Barracks Reactor  
  30  3:07  Hellion  
  31  3:14  SCV  
  31  3:16  Starport  
  32  3:26  SCV  
  33  3:32  Factory Tech Lab  
  33  3:38  SCV  
  33  3:40  Orbital Command  
  32  3:47  Marine  
  32  3:48  Marine  
  34  3:50  SCV  
Tags
 
Add a new tag
Caveats
  • Supply blocks, unpowered buildings, or Contaminate may cause inaccurate times.
  • Supply counts are checked every 10 seconds.